 Dungeon Crawl Stone Soup version 0.30-a0-137-gd8773701ce (webtiles) character file.

Game seed: 10533853404858899256

310 Flugkiller the Magician (level 6, 0/43 HPs)
             Began as a Djinni Hedge Wizard on Sept 22, 2022.
             Killed by their own static electricity (1 damage)
             ... on level 3 of the Dungeon.
             The game lasted 00:03:31 (2219 turns).

Flugkiller the Magician (Djinni Hedge Wizard)       Turns: 2219, Time: 00:03:31

Health: 0/43       AC:  4    Str:  9    XL:     6   Next: 69%
Gold:   47         EV: 13    Int: 17    God:
                   SH:  0    Dex: 13

rFire   + + .      SeeInvis .    l - +4 sling (freeze)
rCold   x . .      Faith    .    (no shield)
rNeg    . . .      Spirit   .    b - +0 robe
rPois   ∞          Reflect  .    d - +1 helmet
rElec   .          Harm     .    (no cloak)
rCorr   .          Rampage  .    (no gloves)
Will    .....                    (boots unavailable)
Stlth   ++........               (no amulet)
HPRegen 0.14/turn                (no ring)
MPRegen 0.00/turn                (no ring)

@: flying, very slightly contaminated
A: sickness immunity, fire resistance 2, cold vulnerability 1, float, innate
caster, HP casting, extra vitality 1
a: no special abilities


You were on level 3 of the Dungeon.
You visited 1 branch of the dungeon, and saw 3 of its levels.

You collected 47 gold pieces.

Inventory:

Hand Weapons
 a - a +0 dagger
 l - a +4 sling of freezing (weapon)
   (You found it on level 1 of the Dungeon)
Missiles
 o - a throwing net
Armour
 b - a +0 robe (worn)
 c - a +0 hat
 d - a +1 helmet (worn)
   (You found it on level 1 of the Dungeon)
 p - a +0 buckler
   (You found it on level 2 of the Dungeon)
Magical Staves
 e - a staff of earth
   (You found it on level 1 of the Dungeon)
 t - a staff of conjuration
   (You found it on level 3 of the Dungeon)
Jewellery
 r - a ring of ice
   (You found it on level 3 of the Dungeon)
Wands
 q - a wand of flame (20)
   (You took it off Ijyb on level 3 of the Dungeon)
Scrolls
 f - a scroll of amnesia {unknown}
 h - 2 scrolls of magic mapping {unknown}
 i - a scroll of summoning {unknown}
 m - 2 scrolls of enchant armour {unknown}
 s - a scroll of vulnerability {unknown}
Potions
 g - a potion of curing {unknown}
 j - a potion of haste {unknown}
 k - a potion of might {unknown}
 n - a potion of degeneration {unknown}


   Skills:
 + Level 2.1 Fighting
 + Level 1.7 Ranged Weapons
 - Level 3.2 Dodging
 - Level 2.5 Stealth
 * Level 3.9 Spellcasting


You couldn't memorise any spells.
You knew the following spells:

 Your Spells              Type           Power      Damage    Failure   Level
a - Magic Dart            Conj           64%        1d6       3%          1
b - Slow                  Hex            64%        N/A       3%          1
c - Call Imp              Summ           16%        N/A       4%          2
d - Cigotuvi's Dreadful   Necr/Pois/Air  32%        N/A       4%          2
e - Mephitic Cloud        Conj/Pois/Air  16%        N/A       10%         3
f - Freeze                Ice            64%        1d8       3%          1
g - Static Discharge      Conj/Air       32%        2-4/arc   4%          2
r - Blink                 Tloc           32%        N/A       4%          2
Your spell library was empty.

Dungeon Overview and Level Annotations

Branches:
Dungeon (3/15) Zot: 15706

Altars:

Annotations:
D:3 Terence


Innate Abilities, Weirdness & Mutations

You are immune to sickness and miasma.
You are immune to poison.
Your flesh is very heat resistant. (rF++)
You are vulnerable to cold. (rC-)
You float through the air rather than walking.
You learn spells naturally, not from books.
Your magical power is your life essence.
You have superior vitality. (+4 MHP)


Message History

You resist with some effort.
You shoot a sling bullet. The sling bullet barely misses Grinder.
You shoot a sling bullet. The sling bullet barely misses Grinder.
Grinder blinks!
Casting: Call Imp (safe; 4% risk of failure)
Confirm with . or Enter, or press ? or * to list all spells.
Grinder is struck by an arc of lightning.
Grinder is moderately wounded.
You are struck by an arc of lightning.
The lightning grounds out.
Grinder blinks!
You shoot a sling bullet.
The sling bullet closely misses Grinder.
You shoot a sling bullet. The sling bullet hits Grinder.
Grinder is heavily wounded.
You shoot a sling bullet. The sling bullet barely misses Grinder.
Casting: Static Discharge (safe; 4% risk of failure)
Confirm with . or Enter, or press ? or * to list all spells.
Grinder is struck by an arc of lightning.
Grinder is heavily wounded.
You are struck by an arc of lightning.
Grinder is struck by an arc of lightning.
Grinder is severely wounded.
The lightning grounds out.
Grinder gestures at you.
You struggle to resist.
Casting: Static Discharge (safe; 4% risk of failure)
Confirm with . or Enter, or press ? or * to list all spells.
Grinder is struck by an arc of lightning.
Grinder is severely wounded.
You are struck by an arc of lightning.
Grinder is struck by an arc of lightning.
Grinder is almost dead.
You are struck by an arc of lightning.
The lightning grounds out.
Grinder gestures at you.
You suddenly lose the ability to move!
Grinder blinks!
Grinder gestures at you. You resist with some effort.
You can move again.
You are too injured to fight recklessly!
Fire: l) +4 sling (freeze)
Press: ? - help, Q - select action, (/) - cycle Shift-Dir - straight line, f/p - Grinder
Aim: Grinder (severely wounded, 57% to hit)
You shoot a sling bullet. The sling bullet hits Grinder.
Grinder is almost dead.
Fire: l) +4 sling (freeze)
Press: ? - help, Q - select action, (/) - cycle Shift-Dir - straight line, f/p - Grinder
Aim: Grinder (almost dead, 57% to hit)
You shoot a sling bullet. The sling bullet hits Grinder.
Grinder is almost dead.
Grinder gestures at you.
You struggle to resist.
Fire: l) +4 sling (freeze)
Press: ? - help, Q - select action, (/) - cycle Shift-Dir - straight line, f/p - Grinder
Aim: Grinder (almost dead, 57% to hit)
You shoot a sling bullet.
The sling bullet hits Grinder but does no damage.
Grinder is almost dead.
Grinder says, "Just stop there for a second..."
Grinder gestures at you.
You shrug off the repeated paralysis!
Fire: l) +4 sling (freeze)
Press: ? - help, Q - select action, (/) - cycle Shift-Dir - straight line, f/p - Grinder
Aim: Grinder (almost dead, 57% to hit)
You shoot a sling bullet.
The sling bullet closely misses Grinder.
Grinder gestures at you. You resist with some effort. Grinder gestures at you.
You suddenly lose the ability to move!
Grinder gestures at you. You resist with some effort. Grinder hits you.
You writhe in agony.
Grinder hits you.
You writhe in agony.
You can move again.
Casting: Static Discharge (safe; 4% risk of failure)
Confirm with . or Enter, or press ? or * to list all spells.
Grinder is struck by an arc of lightning.
Grinder is almost dead.
You are struck by an arc of lightning.
* * * LOW HITPOINT WARNING * * *
Grinder is struck by an arc of lightning.
Grinder is almost dead.
The lightning grounds out.
* * * LOW HITPOINT WARNING * * *
Grinder hits you.
* * * LOW HITPOINT WARNING * * *
Casting: Static Discharge (safe; 4% risk of failure)
Confirm with . or Enter, or press ? or * to list all spells.
You miscast Static Discharge.
You are very lightly contaminated with residual magic.
Nothing appears to happen.
* * * LOW HITPOINT WARNING * * *
Grinder blinks!
Casting: Static Discharge (safe; 4% risk of failure)
Confirm with . or Enter, or press ? or * to list all spells.
Grinder is struck by an arc of lightning.
You kill Grinder!
You are struck by an arc of lightning.
You die...

# ###..
..#################....#
.......@§...........####
..........#####.........
#########.....#.########
#####....# ##.##......
#####>.# ######
###.....## ..###....§###
. ........).# .#


There were no monsters in sight!

Vanquished Creatures
  Grinder (D:3)
  Sigmund (D:3)
  Ijyb (D:3)
  Natasha (thrice) (D:2)
  An adder (D:2)
  An adder zombie (D:2)
  A worm (D:3)
  A dart slug (D:2)
  2 bats (D:2)
  A bat zombie (D:2)
  4 endoplasms
  A giant cockroach (D:2)
  6 goblins
  5 hobgoblins
  2 kobolds (D:2)
  4 quokkas
  2 ball pythons (D:2)
  A ball python zombie (D:2)
  2 frilled lizards (D:2)
  A giant cockroach zombie (D:2)
  A jackal skeleton (D:2)
  2 rats
44 creatures vanquished.

Notes
Turn   | Place    | Note
-------+----------+-------------------------------------------
     0 | D:1      | Flugkiller the Djinni Hedge Wizard began the quest for the
                  | Orb.
     0 | D:1      | Flugkiller set off with the following spells memorised:
                  | Magic Dart, Slow, Blink, Call Imp, Cigotuvi's Dreadful Rot,
                  | Mephitic Cloud.
     0 | D:1      | Reached XP level 1. HP: 15/15 MP: 0/0
   588 | D:1      | Reached XP level 2. HP: 17/21 MP: 0/0
  1067 | D:2      | Reached XP level 3. HP: 25/25 MP: 0/0
  1067 | D:2      | Learned a level 1 spell: Freeze
  1292 | D:2      | Noticed Natasha
  1297 | D:2      | Killed Natasha
  1298 | D:2      | Reached XP level 4. HP: 31/31 MP: 0/0
  1624 | D:2      | Noticed Natasha
  1640 | D:2      | Killed Natasha
  1641 | D:2      | Reached XP level 5. HP: 15/36 MP: 0/0
  1641 | D:2      | Learned a level 2 spell: Static Discharge
  1714 | D:2      | Noticed Natasha
  1765 | D:2      | Killed Natasha
  1766 | D:2      | Reached skill level 1 in Fighting
  2060 | D:3      | Noticed Sigmund
  2060 | D:3      | Noticed Ijyb
  2068 | D:3      | Killed Sigmund
  2069 | D:3      | Reached skill level 1 in Ranged Weapons
  2069 | D:3      | Reached XP level 6. HP: 40/43 MP: 0/0
  2075 | D:3      | Killed Ijyb
  2141 | D:3      | Noticed Grinder
  2147 | D:3      | Paralysed by Grinder for 5 turns
  2174 | D:3      | Noticed Terence
  2205 | D:3      | Paralysed by Grinder for 4 turns
  2212 | D:3      | Paralysed by Grinder for 5 turns
  2219 | D:3      | Killed Grinder
  2219 | D:3      | Killed from afar by themself

Illustrated notes

Levels and vault maps discovered:
D:1:      lemuel_arrival_cross, layout_rooms
D:2:      layout_basic, serial_undead, serial_undead_f, serial_undead_b,
          serial_undead_d, serial_undead_f, serial_undead_e, serial_undead_f,
          serial_undead_f, serial_undead_d, uniq_natasha
D:3:      layout_rooms, grunt_decor_one_mirror, uniq_sigmund, uniq_ijyb,
          uniq_grinder, uniq_terence

Skill      XL: |  1  2  3  4  5 |
---------------+----------------+-----
Stealth        | 2 |  2.5
Dodging        | 3 |  3.2
Spellcasting   | 3 |  3.9
Fighting       | 2 |  2.1
Ranged Weapons | 1 |  1.7

Action                   |  1- 3 |  4- 6 || total
-------------------------+-------+-------++-------
Melee: Dagger            |     3 |       ||     3
       Unarmed           |       |     9 ||     9
 Fire: Sling             |    43 |    68 ||   111
 Cast: Magic Dart        |    16 |       ||    16
       Freeze            |       |     3 ||     3
       Mephitic Cloud    |       |     1 ||     1
       Static Discharge  |       |     4 ||     4
       Call Imp          |       |     2 ||     2
Armor: Robe              |     8 |     1 ||     9
       Skin              |       |     1 ||     1
Dodge: Dodged            |    25 |    17 ||    42

Table legend: (Time is in decaauts)
 A = Elapsed time spent in this place.
 B = Non-inter-level travel time spent in this place.
 C = Inter-level travel time spent in this place.
 D = Time resting spent in this place.
 E = Time spent auto-exploring this place.
 F = Levels seen in this place.
 G = Mean time per level.
                   A        B        C        D        E       F      G
               +--------+--------+--------+--------+--------+-----+--------+
         Total |   2293 |   2196 |     97 |    490 |   1298 |   3 |  764.3 |
       Dungeon |   2293 |   2196 |     97 |    490 |   1298 |   3 |  764.3 |
               +--------+--------+--------+--------+--------+-----+--------+

Top non-repeatable levels by time:
     D:2: 1231 daAuts
     D:1: 838 daAuts
     D:3: 222 daAuts
